 Dungeon Crawl Stone Soup version 0.30.1-11-g7821555f0a (webtiles) character file.

Game seed: 13521226611388023782

333 Heoruswealwe the Conjurer (level 6, -2/32 HPs)
             Began as a Deep Elf Conjurer on Jan 2, 2024.
             Slain by a phantom (7 damage)
             ... on level 4 of the Dungeon.
             The game lasted 00:20:10 (2851 turns).

Heoruswealwe the Conjurer (Deep Elf Conjurer)       Turns: 2851, Time: 00:20:14

Health: -2/32      AC:  5    Str:  4    XL:     6   Next: 27%
Magic:  6/17       EV: 12    Int: 25    God:
Gold:   232        SH:  0    Dex: 13    Spells: 7/18 levels left

rFire   . . .        (no weapon)
rCold   . . .        (no shield)
rNeg    . . .        c - +0 robe
rPois   .            (no helmet)
rElec   .            (no cloak)
rCorr   .            f - +1 pair of gloves
SInv    .            e - +0 pair of boots
Will    .....        (no amulet)
Stlth   ++           (no ring)
HPRegen 0.25/turn    (no ring)
MPRegen 0.15/turn

%: no passive effects
@: no status effects
A: no striking features
a: no special abilities


You were on level 4 of the Dungeon.
You visited 1 branch of the dungeon, and saw 4 of its levels.

You collected 232 gold pieces.

Inventory:

Armour
 c - a +0 robe (worn)
 e - a +0 pair of boots (worn)
 f - a +1 pair of gloves (worn)
 o - a +0 robe
Scrolls
 a - a scroll of torment {unknown}
 g - a scroll of fog {unknown}
 i - a scroll of blinking {unknown}
 j - a scroll of enchant weapon {unknown}
 k - 4 scrolls of teleportation {unknown}
 n - 2 scrolls of butterflies {unknown}
 p - a scroll of enchant armour {unknown}
 q - 4 scrolls of identify {unknown}
 r - a scroll of poison {unknown}
Potions
 b - a potion of magic
 d - 2 potions of mutation {unknown}
 h - 2 potions of curing
 l - a potion of brilliance {unknown}
 m - a potion of flight {unknown}


   Skills:
 - Level 2.4 Dodging
 - Level 2.4 Stealth
 + Level 6.6 Spellcasting
 + Level 6.6 Conjurations


You had 7 spell levels left.
You knew the following spells:

 Your Spells              Type           Power      Damage    Failure   Level
a - Magic Dart            Conj           100%       1d8       1%          1
b - Shock                 Conj/Air       100%       1d9       1%          1
c - Searing Ray           Conj           82%        2d7       1%          2
d - Dazzling Flash        Conj/Hex       50%        N/A       5%          3
e - Fulminant Prism       Conj/Hex       12%        3d9       17%         4

Your spell library contained the following spells:

 Spells                   Type           Power      Damage    Failure   Level
 Iskenderun's Mystic Bla  Conj/Tloc      25%        2d7       17%         4
 Swiftness                Air            8%         N/A       22%         3
 Airstrike                Air            4%         2d(1-17)  56%         4


Dungeon Overview and Level Annotations

Branches:
Dungeon (4/15)
 Temple: D:4-7

Altars:
Gozag
Yredelemnul


Message History

The phantom blinks!
You blink.
It was a potion of curing.
You feel better. The phantom hits you.
* * * LOW HITPOINT WARNING * * *
The phantom blinks!
You blink.
Casting: Searing Ray (safe; 1% risk of failure)
Confirm with . or Enter, or press ? or * to list all spells.
Aiming: Searing Ray (safe; 1% risk of failure)
Press: ? - help, Shift-Dir - straight line, f/p - phantom
Aim: a phantom (75% to hit)
The searing ray misses the phantom. (Press . to maintain the ray.)
The phantom hits you.
* * * LOW HITPOINT WARNING * * *
The searing ray hits the phantom.
The phantom is moderately damaged.
The phantom hits you.
* * * LOW HITPOINT WARNING * * *
The phantom blinks!
You blink.
A ball python comes into view.
Found a scroll labelled DAERYT VIGAQI.
You feel better. The phantom hits you.
* * * LOW HITPOINT WARNING * * *
You feel better. The phantom completely misses you.
Casting: Searing Ray (safe; 1% risk of failure)
Confirm with . or Enter, or press ? or * to list all spells.
Aiming: Searing Ray (safe; 1% risk of failure)
Press: ? - help, Shift-Dir - straight line, f/p - phantom
Aim: a phantom (moderately damaged, 75% to hit)
The searing ray hits the phantom!
The phantom is heavily damaged. (Press . to maintain the ray.)
The ball python hisses angrily.
The phantom closely misses you.
The searing ray hits the phantom!
The phantom is almost destroyed.
The ball python barely misses you. The ball python closely misses you.
The phantom hits you.
* * * LOW HITPOINT WARNING * * *
The phantom blinks!
You blink.
The phantom hits you!
You die...

###.# ##..... ....
#....## .. #.#.###
#...###..
#.._..###.......#
###.#§#..........
#$..§.#........##
####.###.....####
#..?.........######
#.#..#W@W..§S.....?
..........<.§####...
##...##..#..###
#.......#....
#....#......##
#....##.#..#.# #....
..#..#.# ..
.#....#.#


You could see 2 phantoms and a ball python.

Vanquished Creatures
  The ghost of Tuss the Covered, an amateur HuFi (D:3)
  A scorpion (D:4)
  An iguana (D:3)
  A hound zombie (D:3)
  3 gnolls (D:2)
  An adder (D:2)
  2 worms
  5 dart slugs
  2 orcs (D:3)
  3 ball pythons
  2 endoplasms (D:3)
  A giant cockroach (D:3)
  3 goblins (D:1)
  2 hobgoblins (D:1)
  7 jackals
  5 quokkas
  A ball python zombie (D:3)
  5 bats
  3 frilled lizards (D:1)
  4 kobolds
53 creatures vanquished.

Notes
Turn   | Place    | Note
-------+----------+-------------------------------------------
     0 | D:1      | Heoruswealwe the Deep Elf Conjurer began the quest for the
                  | Orb.
     0 | D:1      | Reached XP level 1. HP: 10/10 MP: 6/6
   219 | D:1      | Reached XP level 2. HP: 15/15 MP: 6/8
   223 | D:1      | Learned a level 2 spell: Searing Ray
   705 | D:2      | Reached skill level 5 in Conjurations
   705 | D:2      | Reached XP level 3. HP: 19/19 MP: 1/10
   709 | D:2      | Learned a level 3 spell: Dazzling Flash
  1079 | D:2      | Reached XP level 4. HP: 24/24 MP: 0/12
  1084 | D:2      | Learned a level 4 spell: Fulminant Prism
  1418 | D:3      | Found a runed translucent gate.
  1418 | D:3      | Found a runed translucent gate.
  1418 | D:3      | Found a runed translucent gate.
  1418 | D:3      | Noticed Tuss's ghost (amateur HuFi)
  1420 | D:3      | Found a basalt altar of Yredelemnul.
  1428 | D:3      | Reached skill level 5 in Spellcasting
  1618 | D:3      | Learned a level 1 spell: Shock
  1854 | D:3      | Reached XP level 5. HP: 28/28 MP: 9/14
  2054 | D:3      | Killed Tuss's ghost
  2055 | D:3      | Reached XP level 6. HP: 2/32 MP: 1/17
  2839 | D:4      | Found an opulent altar of Gozag.
  2851 | D:4      | Slain by a phantom

Illustrated notes

Levels and vault maps discovered:
D:1:      dpeg_arrival_windows_large_door, layout_loops_cross
D:2:      wander_river, layout_basic, st_stairs_4, minmay_distorted
D:3:      layout_basic, nicolae_yredelemnul_ghost_church, minmay_misc_feat_x
D:4:      layout_rooms, nicolae_elyvilon_temple_path,
          nicolae_gozag_cash_rules_everything_around_me, jmf_multi_god_temple2,
          serial_shops, nicolae_diamond_shop

Skill      XL: |  1  2  3  4  5 |
---------------+----------------+-----
Spellcasting   | 4 5 6 |  6.6
Conjurations   | 5 6 |  6.6
Dodging        | |  2.4
Stealth        | |  2.4

Action                     |  1- 3 |  4- 6 || total
---------------------------+-------+-------++-------
   Cast: Magic Dart        |    58 |    45 ||   103
         Searing Ray       |     1 |    10 ||    11
    Use: Potion            |       |     3 ||     3
 Armour: Robe              |     1 |     7 ||     8
  Dodge: Dodged            |     9 |    17 ||    26
